 Dungeon Crawl Stone Soup version 0.27-a0-1442-g87b6fcb595 (webtiles) character file.

Game seed: 4754236367508829769

145 McSplat the Grave Robber (level 5, -1/35 HPs)
             Began as a Mummy Necromancer on July 4, 2021.
             Slain by a bullfrog skeleton (2 damage)
             ... on level 4 of the Dungeon.
             The game lasted 00:10:56 (4235 turns).

McSplat the Grave Robber (Mummy Necromancer)        Turns: 4235, Time: 00:10:57

Health: -1/35      AC:  2    Str: 11    XL:     5   Next: 6%
Magic:  11/11      EV: 12    Int: 15    God:
Gold:   110        SH:  0    Dex: 13    Spells: 3/12 levels left

rFire    x . .     SeeInvis .   a - +0 trident
rCold    + + .     Faith    .   (no shield)
rNeg     + + +     Spirit   .   g - +0 robe
rPois    ∞         Reflect  .   (no helmet)
rElec    .         Harm     .   (no cloak)
rCorr    .         Rampage  .   (no gloves)
Will     .....                  (no boots)
Stlth    ++........             (no amulet)
HPRegen  0.11/turn              f - ring of protection from cold
MPRegen  0.12/turn              n - ring of wizardry

@: no status effects
A: cold resistance 1, negative energy resistance 3, torment resistance 2, heat
vulnerability 1, no potions
a: no special abilities


You were on level 4 of the Dungeon.
You visited 1 branch of the dungeon, and saw 4 of its levels.

You collected 132 gold pieces.
You spent 22 gold pieces at shops.

Inventory:

Hand Weapons
 a - a +0 trident (weapon)
 b - a +0 dagger
Missiles
 j - 2 boomerangs of dispersal
Armour
 g - a +0 robe (worn)
Jewellery
 f - a ring of protection from cold (left hand)
 n - a ring of wizardry (right hand)
 o - an amulet of regeneration
Wands
 m - a wand of flame (8)
Scrolls
 c - 2 scrolls of identify
 d - a scroll of blinking
 e - a scroll of teleportation
 h - 3 scrolls of amnesia
 i - 2 scrolls of vulnerability {unknown}
 k - a scroll of summoning {unknown}
 l - a scroll of immolation {unknown}


   Skills:
 - Level 1.5 Dodging
 - Level 1.5 Stealth
 + Level 4.4 Spellcasting
 + Level 5.6 Necromancy


You had 3 spell levels left.
You knew the following spells:

 Your Spells              Type           Power      Damage    Failure   Level
a - Pain                  Necr           80%        1d8       1%          1
b - Animate Skeleton      Necr           40%        N/A       1%          1
c - Vampiric Draining     Necr           10%        2d7       1%          3
d - Animate Dead          Necr           10%        N/A       7%          4

Your spell library contained the following spells:

 Spells                   Type           Power      Damage    Failure   Level
 Shock                    Conj/Air       12%        1d3       7%          1
 Slow                     Hex            3%         N/A       11%         2
 Confusing Touch          Hex            3%         N/A       21%         3
 Swiftness                Air            3%         N/A       21%         3
 Agony                    Necr           20%        N/A       19%         5
 Airstrike                Air            1%         N/A       52%         4
 Haunt                    Necr/Summ      5%         N/A       100%        7
 Infestation              Necr           10%        N/A       100%        8


Dungeon Overview and Level Annotations

Branches:
Dungeon (4/15)
 Temple: D:4-7

Altars:
Cheibriados
Nemelex Xobeh
Uskayaw
Vehumet

Shops:
D:3 ?


Innate Abilities, Weirdness & Mutations

You are immune to poison.
Your flesh is cold resistant. (rC+)
You are immune to negative energy. (rN+++)
You are immune to unholy pain and torment.
You are vulnerable to heat. (rF-)
You do not drink.


Message History

The bullfrog skeleton is moderately damaged.
The bullfrog skeleton hits you.
You puncture the bullfrog skeleton!
The bullfrog skeleton is heavily damaged.
The bullfrog skeleton closely misses you.
The bullfrog skeleton hits you.
You are too injured to fight recklessly!
You are too injured to fight recklessly!
You are too injured to fight recklessly!
You are too injured to fight recklessly!
You are too injured to fight recklessly!
Casting: Pain (safe; 1% risk of failure)
Confirm with . or Enter, or press ? or * to list all spells.
Okay, then.
You hit the bullfrog skeleton but do no damage.
The bullfrog skeleton is heavily damaged.
The bullfrog skeleton hits you. The bullfrog skeleton misses you.
You barely miss the bullfrog skeleton.
The bullfrog skeleton is heavily damaged.
The bullfrog skeleton hits you.
You hit the bullfrog skeleton.
The bullfrog skeleton is severely damaged.
The bullfrog skeleton barely misses you.
The bullfrog skeleton hits you.
You hit the bullfrog skeleton.
The bullfrog skeleton is severely damaged.
The bullfrog skeleton hits you.
* * * LOW HITPOINT WARNING * * *
The bullfrog skeleton closely misses you.
The bullfrog skeleton barely misses you.
The bullfrog skeleton hits you.
* * * LOW HITPOINT WARNING * * *
You barely miss the bullfrog skeleton.
The bullfrog skeleton is severely damaged.
The bullfrog skeleton hits you.
* * * LOW HITPOINT WARNING * * *
You barely miss the bullfrog skeleton.
The bullfrog skeleton is severely damaged.
The bullfrog skeleton hits you.
You die...

......... ......... .........
#.#.....# ......... #.......#
......... #.......# ####
.......... #..#'##.# ...# ##
...........###..#.##.##...# ..
................#.....'...+ [.
.................Z##.##...# ..
................@###.##...# ..
.........^............+...#.# ..
...######.........##.##...#.#####
.#.# ##.......##.# ...#.... .#.#
#.......##.# ...#... .#.#
.........##.##...#.. .#.#
...#####.........#.##### .# ...
#[...######(..).. .#
#...........##..:


You could see a bullfrog skeleton.

Vanquished Creatures
  A hound (D:3)
  Natasha (D:4)
  3 adders
  A worm (D:3)
  An orc (D:4)
  5 endoplasms
  3 giant cockroaches
  9 goblins
  A hobgoblin (D:2)
  7 kobolds
  5 quokkas
  6 ball pythons
  9 bats
  2 frilled lizards
  3 rats (D:1)
57 creatures vanquished.

Notes
Turn   | Place    | Note
-------+----------+-------------------------------------------
     0 | D:1      | McSplat the Mummy Necromancer began the quest for the Orb.
     0 | D:1      | Reached XP level 1. HP: 13/13 MP: 4/4
     2 | D:1      | Learned a level 1 spell: Animate Skeleton
   400 | D:1      | Reached XP level 2. HP: 19/19 MP: 3/6
   569 | D:1      | You fall into a shaft and drop 1 floor!
  1035 | D:2      | You fall into a shaft and drop 2 floors!
  1041 | D:4      | Noticed a necrophage
  1056 | D:3      | Found Tuoliotz's Magic Scroll Boutique.
  1067 | D:3      | Bought a scroll of identify for 22 gold pieces
  1210 | D:3      | Reached XP level 3. HP: 24/24 MP: 5/7
  1214 | D:3      | Learned a level 3 spell: Vampiric Draining
  2110 | D:2      | Reached skill level 5 in Necromancy
  2130 | D:2      | Found a hide-covered altar of Uskayaw.
  2430 | D:1      | Reached XP level 4. HP: 25/30 MP: 7/9
  2491 | D:1      | Learned a level 4 spell: Animate Dead
  2937 | D:2      | Found a faded altar of an unknown god.
  3192 | D:3      | Found a snail-covered altar of Cheibriados.
  3192 | D:3      | Found a radiant altar of Vehumet.
  3194 | D:3      | Found a sparkling altar of Nemelex Xobeh.
  3976 | D:4      | Noticed Natasha
  3983 | D:4      | Killed Natasha
  3984 | D:4      | Reached XP level 5. HP: 18/35 MP: 3/11
  4234 | D:4      | HP: 1/35 [bullfrog skeleton (4)]
  4235 | D:4      | Slain by a bullfrog skeleton

Illustrated notes

Levels and vault maps discovered:
D:1:      co_arrival_hall_of_pillars, layout_loops_ring
D:2:      layout_loops_corners, basic_altar,
          hellmonk_ecumenical_altar_inner_sanctum
D:3:      layout_basic, nicolae_overflow_hidden_temple, serial_shops, shop
D:4:      layout_basic, uniq_blork_the_orc, uniq_natasha

Skill      XL: |  1  2  3  4 |
---------------+-------------+-----
Spellcasting   | 3 4 |  4.4
Necromancy     | 5 |  5.6
Dodging        | |  1.5
Stealth        | |  1.5

Action                   |  1- 3 |  4- 6 || total
-------------------------+-------+-------++-------
Melee: Unarmed           |     1 |       ||     1
       Dagger            |    11 |       ||    11
       Trident           |     8 |    28 ||    36
 Cast: Pain              |    90 |    47 ||   137
       Animate Skeleton  |     2 |     1 ||     3
  Use: Scroll            |     4 |       ||     4
 Stab: Sleeping          |     3 |       ||     3
Armor: Robe              |    11 |     7 ||    18
Dodge: Dodged            |    30 |    34 ||    64

Table legend: (Time is in decaauts)
 A = Elapsed time spent in this place.
 B = Non-inter-level travel time spent in this place.
 C = Inter-level travel time spent in this place.
 D = Time resting spent in this place.
 E = Time spent auto-exploring this place.
 F = Levels seen in this place.
 G = Mean time per level.
                   A        B        C        D        E       F      G
               +--------+--------+--------+--------+--------+-----+--------+
         Total |   4246 |   4112 |    134 |   1173 |   2398 |   4 | 1061.5 |
       Dungeon |   4246 |   4112 |    134 |   1173 |   2398 |   4 | 1061.5 |
               +--------+--------+--------+--------+--------+-----+--------+

Top non-repeatable levels by time:
     D:2: 1426 daAuts
     D:3: 1360 daAuts
     D:1: 1153 daAuts
     D:4: 306 daAuts
